 Dungeon Crawl Stone Soup version 0.30-b1-2-g02819fbbbe (webtiles) character file.

Game seed: 14402697826056020465

1612 Dirian the Cleaver (level 8, -3/73 HPs)
             Began as a Minotaur Berserker on May 8, 2023.
             Was a Priest of Trog.
             Succumbed to a water moccasin's poison
             ... on level 6 of the Dungeon.
             The game lasted 00:04:54 (2909 turns).

Dirian the Cleaver (Minotaur Berserker)             Turns: 2909, Time: 00:04:54

Health: -3/73      AC: 13    Str: 24    XL:     8   Next: 63%
Magic:  7/7        EV:  9    Int:  4    God:    Trog [***...]
Gold:   176        SH:  0    Dex: 10    Spells: 7/7 levels left

rFire   . . .        m - +0 war axe
rCold   . . .        (no shield)
rNeg    . . .        q - +0 chain mail
rPois   .            (helmet restricted)
rElec   .            w - +2 cloak
rCorr   .            (no gloves)
SInv    .            (no boots)
Will    +++..        (no amulet) Stlth
                     h - ring of willpower
HPRegen 1.32/turn    n - +4 ring of slaying
MPRegen 0.10/turn

%: no passive effects
@: mighty, lethally poisoned (-3 -> -20), strong-willed, regenerating, slowed,
very slow
A: horns 2, retaliatory headbutt
a: Renounce Religion, Berserk, Trog's Hand


You were on level 6 of the Dungeon.
You worshipped Trog.
Trog was most pleased with you.
You visited 2 branches of the dungeon, and saw 7 of its levels.

You collected 176 gold pieces.

Inventory:

Hand Weapons
 m - a +0 war axe (weapon)
 x - a +0 morningstar
Armour
 i - a +0 plate armour
 q - a +0 chain mail (worn)
 w - a +2 cloak (worn)
Jewellery
 h - a ring of willpower (left hand)
 n - a +4 ring of slaying (right hand)
Wands
 s - a wand of flame (11)
 u - a wand of polymorph (5)
Scrolls
 a - a scroll of magic mapping {unknown}
 b - 5 scrolls of identify {unknown}
 c - 2 scrolls of fear {unknown}
 e - a scroll of enchant armour {unknown}
 f - 2 scrolls of enchant weapon {unknown}
 g - a scroll of noise {unknown}
 j - a scroll of torment {unknown}
 l - 2 scrolls of blinking {unknown}
Potions
 d - 2 potions of might
 k - a potion of brilliance {unknown}
 o - a potion of ambrosia {unknown}
 p - a potion of degeneration {unknown}
 r - a potion of curing {unknown}
 t - a potion of haste {unknown}
 v - 3 potions of lignification {unknown}


   Skills:
 + Level 7.1 Fighting
 + Level 10.5 Axes
 + Level 6.4 Armour
 - Level 2.1 Dodging


You had 7 spell levels left.
You didn't know any spells.
Your spell library was empty.

Dungeon Overview and Level Annotations

Branches:
Dungeon (6/15) Zot: 26984  Temple (1/1) D:4 Zot: 5998

Altars:
Ashenzari
Hepliaklqana
Makhleb
Okawaru
Sif Muna
Trog
Vehumet
Yredelemnul
The Shining One

Shops:
D:4 [


Innate Abilities, Weirdness & Mutations

You have a pair of horns on your head.
You reflexively headbutt those who attack you in melee.


Message History

You hit the orc.
You feel extremely sick.
The water moccasin bites you but does no damage.
The kobold barely misses you. The kobold brigand closely misses you.
The orc closely misses you. You furiously retaliate!
You headbutt the orc.
An orc wizard comes into view. It is wielding a +0 dagger.
The water moccasin closely misses you. You furiously retaliate!
You headbutt the water moccasin! You slash the kobold brigand!
The kobold brigand is almost dead.
You barely miss the water moccasin. You closely miss the kobold.
You slash the orc!
You kill the orc!
Trog accepts your kill.
You feel extremely sick. The water moccasin closely misses you.
The kobold hits you but does no damage.
The kobold brigand hits you but does no damage.
The water moccasin bites you.
* * * LOW HITPOINT WARNING * * *
The orc wizard mumbles some strange words.
The orc wizard flickers and vanishes!
Deactivating autopickup; reactivate with Ctrl-A.
The kobold brigand hits you with a +0 short sword.
* * * LOW HITPOINT WARNING * * *
The kobold hits you but does no damage.
You hear a shout!
You hit the kobold brigand.
You kill the kobold brigand!
Trog accepts your kill.
You barely miss the kobold. You slash the water moccasin!
You feel very sick. The water moccasin barely misses you.
The kobold hits you but does no damage. The water moccasin bites you.
* * * LOW HITPOINT WARNING * * *
You are more poisoned.
The water moccasin poisons you!
It was a potion of might.
You feel very mighty all of a sudden.
d - 2 potions of might;
k - a clear potion You die...

#....
###########.....
..........#.....
................
................
..)............
......)))..### #
......K@S$...#.#
....$.)).......##
.....?....<.....#
########....###.#
#....# #....#
#..... .......
.........


You could see a water moccasin and a kobold.

Vanquished Creatures
  Prince Ribbit (D:5)
  Sigmund (D:4)
  Menkaure (D:4)
  Duvessa (D:5)
  A black bear (D:5)
  2 ogres
  A phantom (D:5)
  A kobold brigand (D:6)
  A scorpion (D:4)
  Dowan (D:5)
  3 hounds (D:5)
  A jelly (D:5)
  Crazy Yiuf (D:4)
  4 iguanas
  4 orc wizards
  8 adders
  An ufetubus (D:3)
  2 worms
  2 dart slugs
  18 orcs
  4 bats
  6 endoplasms
  4 giant cockroaches
  6 goblins
  4 hobgoblins
  9 jackals
  4 quokkas
  5 ball pythons
  2 frilled lizards
  15 kobolds
  6 rats
120 creatures vanquished.

Notes
Turn   | Place    | Note
-------+----------+-------------------------------------------
     0 | D:1      | Dirian the Minotaur Berserker began the quest for the Orb.
     0 | D:1      | Reached XP level 1. HP: 19/19 MP: 0/0
   155 | D:1      | Reached XP level 2. HP: 27/27 MP: 1/1
   180 | D:1      | Reached skill level 4 in Axes
   238 | D:1      | Reached ** piety under Trog
   344 | D:1      | Reached XP level 3. HP: 18/34 MP: 2/2
   677 | D:2      | Found a hazy altar of Hepliaklqana.
   720 | D:2      | You fall into a shaft and drop 1 floor!
   853 | D:2      | Reached XP level 4. HP: 41/41 MP: 3/3
   994 | D:3      | Reached skill level 5 in Axes
  1091 | D:3      | Found a faded altar of an unknown god.
  1154 | D:3      | Reached *** piety under Trog
  1433 | D:4      | Noticed an ogre
  1438 | D:4      | Reached XP level 5. HP: 29/47 MP: 4/4
  1438 | D:4      | Killed an ogre
  1439 | D:4      | Reached skill level 5 in Fighting
  1439 | D:4      | Reached skill level 6 in Axes
  1444 | D:4      | Reached XP level 6. HP: 19/56 MP: 5/5
  1535 | D:4      | Found a radiant altar of Vehumet.
  1571 | D:4      | Found a staircase to the Ecumenical Temple.
  1592 | D:4      | Noticed Sigmund
  1603 | D:4      | Killed Sigmund
  1604 | D:4      | Reached skill level 7 in Axes
  1738 | D:4      | Found a runed translucent door.
  1739 | D:4      | Noticed Crazy Yiuf
  1853 | D:4      | Reached XP level 7. HP: 62/62 MP: 6/6
  1859 | D:4      | Reached skill level 8 in Axes
  1860 | D:4      | Noticed Menkaure
  1865 | D:4      | Killed Menkaure
  1932 | D:4      | Found a burning altar of Makhleb.
  1993 | D:4      | Found Puidocw's Armour Emporium.
  2093 | D:4      | Killed Crazy Yiuf
  2173 | D:5      | Entered Level 5 of the Dungeon
  2193 | D:5      | Reached skill level 9 in Axes
  2193 | D:5      | Reached skill level 5 in Armour
  2393 | D:5      | Reached XP level 8. HP: 68/71 MP: 7/7
  2425 | D:5      | Noticed Duvessa
  2426 | D:5      | Noticed Dowan
  2435 | D:5      | Killed Duvessa
  2441 | D:5      | Killed Dowan
  2571 | D:5      | Noticed Prince Ribbit
  2584 | D:5      | Killed Prince Ribbit
  2585 | D:5      | Reached skill level 10 in Axes
  2873 | Temple   | Entered the Ecumenical Temple
  2909 | D:6      | Succumbed to a water moccasin's poison

Illustrated notes

Levels and vault maps discovered:
D:1:      dpeg_arrival_rooms_with_view, layout_rooms, minmay_pentomino_r2
D:2:      layout_rooms, basic_altar
D:3:      layout_basic, dreamdust_ecumenical_altar_sealed_demon,
          minmay_misc_feat_pillars
D:4:      layout_cave_pools, vehumet_altar_wand_db, lemuel_doored_altar,
          minmay_temple_entry_from_below_a, serial_shops,
          nicolae_shop_hallway_stairs, uniq_menkaure, uniq_sigmund,
          uniq_crazy_yiuf_cottage
D:5:      layout_basic, uniq_duvessa, uniq_prince_ribbit1
D:6:      layout_basic, serial_curves, eino_curves_01, eino_curves_02,
          nicolae_shop_i_like_big_books, hangedman_abyss_or_decor_lesser_grid,
          kennysheep_nub, uniq_eustachio, uniq_pikel
Temple:   compressed_dpeg_triangle_lava_temple

Skill      XL: |  1  2  3  4  5  6  7  8 |
---------------+-------------------------+-----
Fighting       | 4 5 6 7 |  7.1
Axes           | 4 5 6 7 9 10 | 10.5
Armour         | 3 4 5 6 |  6.4
Dodging        | |  2.1

Action                     |  1- 3 |  4- 6 |  7- 9 || total
---------------------------+-------+-------+-------++-------
  Melee: Hand axe          |    88 |    18 |       ||   106
         Headbutt          |    12 |    11 |     7 ||    30
         War axe           |       |    54 |    70 ||   124
         Punch             |       |     1 |       ||     1
 Invoke: Trog's Hand       |       |     1 |     5 ||     6
         Berserk           |       |       |     1 ||     1
    Use: Potion            |       |       |     1 ||     1
 Armour: Ring mail         |     6 |       |       ||     6
         Animal skin       |     3 |       |       ||     3
         Scale mail        |    17 |    32 |    27 ||    76
         Chain mail        |       |       |    17 ||    17
  Dodge: Dodged            |    53 |    50 |    40 ||   143
